 Dungeon Crawl Stone Soup version 0.30-a0-585-g93115170b9 (webtiles) character file.

Game seed: 13717482063418145525

355 wormed the Sneak (level 6, -1/39 HPs)
             Began as a Kobold Delver on Jan 1, 2023.
             Was a Follower of Uskayaw.
             Slain by Pikel
             ... wielding a +0 whip of electrocution
              (12 damage)
             ... on level 4 of the Dungeon.
             The game lasted 00:07:38 (5546 turns).

wormed the Sneak (Kobold Delver)                    Turns: 5546, Time: 00:07:39

Health: -1/39      AC:  3    Str:  9    XL:     6   Next: 95%
Magic:  6/6        EV: 16    Int: 12    God:    Uskayaw [*.....]
Gold:   193        SH:  0    Dex: 18    Spells: 5/5 levels left

rFire   . . .      SeeInvis .    a - +0 short sword
rCold   . . .      Faith    .    (no shield)
rNeg    . . .      Spirit   .    b - +0 leather armour
rPois   .          Reflect  .    (no helmet)
rElec   .          Harm     .    (no cloak)
rCorr   .          Rampage  .    (no gloves)
Will    .....                    (no boots)
Stlth   +++++                    (no amulet)
HPRegen 0.26/turn                (no ring)
MPRegen 0.10/turn                (no ring)

@: no status effects
A: small, no large weapons, nightstalker 3
a: Renounce Religion, Stomp


You were on level 4 of the Dungeon.
You worshipped Uskayaw.
Uskayaw was noncommittal.
You visited 2 branches of the dungeon, and saw 6 of its levels.

You collected 193 gold pieces.

Inventory:

Hand Weapons
 a - a +0 short sword (weapon)
Missiles
 q - 11 poisoned darts (quivered)
 t - 5 curare-tipped darts
Armour
 b - a +0 leather armour (worn)
Jewellery
 u - a ring of protection from cold
Wands
 g - a wand of digging (3)
Scrolls
 c - a scroll of fog
 e - a scroll of immolation {unknown}
 h - a scroll of enchant armour {unknown}
 i - a scroll of noise {unknown}
 j - 4 scrolls of identify {unknown}
 n - 2 scrolls of enchant weapon {unknown}
 p - a scroll of magic mapping
 r - a scroll of poison {unknown}
Potions
 d - a potion of berserk rage {unknown}
 f - a potion of cancellation {unknown}
 k - 3 potions of brilliance {unknown}
 l - a potion of degeneration {unknown}
 m - a potion of curing
 o - a potion of lignification {unknown}
 s - 2 potions of heal wounds {unknown}


   Skills:
 + Level 4.6 Fighting
 * Level 5.9 Short Blades
 + Level 4.2 Dodging
 + Level 7.9 Stealth


You had 5 spell levels left.
You didn't know any spells.
Your spell library was empty.

Dungeon Overview and Level Annotations

Branches:
Dungeon (5/15)             Temple (1/1) D:4

Altars:
Dithmenos
Fedhas
Gozag
Hepliaklqana
Makhleb
Nemelex Xobeh
Qazlal
Ru
Sif Muna
Uskayaw
Vehumet
Wu Jian
Yredelemnul
Zin
The Shining One

Shops:
D:2 *   D:3 [   D:4 =   D:5 (

Annotations:
D:4 Pikel


Innate Abilities, Weirdness & Mutations

You are small and have problems with some larger weapons.
You are completely attuned to the shadows.


Message History

Pikel closely misses you.
You barely miss Pikel.
Pikel is lightly wounded.
You hit Pikel but do no damage.
Pikel is lightly wounded.
Pikel hits you with a +0 whip of electrocution.
You barely miss Pikel.
Pikel is lightly wounded.
Pikel hits you with a +0 whip of electrocution.
You barely miss Pikel.
Pikel is lightly wounded.
You hit Pikel but do no damage.
Pikel is lightly wounded.
Pikel closely misses you.
You hit Pikel but do no damage.
Pikel is lightly wounded.
Pikel closely misses you.
You closely miss Pikel.
Pikel is lightly wounded.
You completely miss Pikel.
Pikel is lightly wounded.
Pikel misses you.
You hit Pikel.
Pikel is lightly wounded.
Pikel hits you but does no damage.
You hit Pikel but do no damage.
Pikel is lightly wounded.
Pikel hits you with a +0 whip of electrocution.
* * * LOW HITPOINT WARNING * * *
You barely miss Pikel.
Pikel is lightly wounded.
You feel better. Pikel misses you.
You hit Pikel but do no damage.
Pikel is lightly wounded.
Pikel hits you with a +0 whip of electrocution!
* * * LOW HITPOINT WARNING * * *
You hit Pikel.
Pikel is moderately wounded.
Pikel hits you with a +0 whip of electrocution!
You die...

..........#..#######...# #.
..........'..#...# #...# #.
..........#..#.8.# #...# ########
..........####§..###.⌠.# #......#
#...#######§......[....# #......#
#####.....#§>........### #......#
#...#.....#§.........# #......#
....#.....####.......#####......#
...>#......# #.K@.......##......#
#...#......###........<.##......#
#...#.....##............#.###'###
....'.....##.⌠.###...####.'....#.
....#.....##...# #.8.#....#....#.
....#.....##...###...#....#....##
###'#.....#....#.##########....##
..........(....#.........#.......
...............'.........#.......


You could see Pikel.

Vanquished Creatures
  2 lemures (D:5)
  A scorpion (D:3)
  2 orc priests (D:4)
  Jessica (D:2)
  Robin (D:2)
  3 gnolls
  7 adders
  3 dart slugs
  5 orcs
  6 endoplasms
  4 giant cockroaches
  16 goblins
  4 hobgoblins
  3 jackals (D:1)
  6 quokkas
  7 ball pythons
  8 bats
  A frilled lizard (D:3)
  7 kobolds
  8 rats
95 creatures vanquished.

Vanquished Creatures (others)
  8 plants (D:5)
8 creatures vanquished.

Grand Total: 103 creatures vanquished

Notes
Turn   | Place    | Note
-------+----------+-------------------------------------------
     0 | D:5      | wormed the Kobold Delver began the quest for the Orb.
     0 | D:5      | Reached XP level 1. HP: 14/14 MP: 1/1
    63 | D:5      | Reached XP level 2. HP: 3/19 MP: 2/2
   165 | D:5      | Noticed a lemure
   273 | D:5      | Found Codorium's Weapon Shoppe.
   491 | D:4      | Found Terghy Hiotir's Jewellery Boutique.
   525 | D:3      | Reached XP level 3. HP: 23/23 MP: 3/3
   607 | D:3      | Found Xenuec's Antique Armour Boutique.
   896 | D:3      | Noticed a scorpion
   902 | D:3      | Killed a scorpion
   903 | D:3      | Reached skill level 7 in Stealth
   903 | D:3      | Reached XP level 4. HP: 29/29 MP: 4/4
   946 | D:3      | Reached XP level 5. HP: 33/33 MP: 5/5
  1809 | D:2      | Noticed Robin
  2072 | D:2      | Killed Robin
  2073 | D:2      | Reached skill level 5 in Short Blades
  2368 | D:2      | Found Xilo's General Store.
  2372 | D:2      | Noticed Jessica
  2381 | D:2      | Killed Jessica
  2382 | D:2      | Reached XP level 6. HP: 38/38 MP: 6/6
  3166 | D:1      | Found a faded altar of an unknown god.
  4708 | D:4      | Found a staircase to the Ecumenical Temple.
  4719 | Temple   | Entered the Ecumenical Temple
  5069 | D:4      | Found a hide-covered altar of Uskayaw.
  5074 | D:4      | Became a worshipper of Uskayaw the Reveller
  5220 | D:4      | Reached * piety under Uskayaw
  5465 | D:5      | Noticed Pikel
  5468 | D:5      | Reached ** piety under Uskayaw
  5546 | D:4      | Slain by Pikel

Illustrated notes

Levels and vault maps discovered:
D:1:      tarquinn_simple_flora_water_e, layout_loops_corners,
          hellmonk_ecumenical_altar_run_dry, amcnicky_mini_corridor_feature,
          hangedman_glass_teeth
D:2:      layout_basic, serial_shops, nicolae_shop_hallway_stairs, uniq_robin,
          uniq_jessica
D:3:      layout_basic, serial_shops, shop, nicolae_figureground_sparkle
D:4:      layout_gridville, nicolae_uskayaw_suspiria,
          minmay_temple_entry_proselytizer, serial_shops, nicolae_stop_n_shop_2,
          nicolae_elevator_lobby_asterisk
D:5:      layout_loops_corners, mainiacjoe_overflow_24_doors,
          grunt_temple_overflow_open, mainiacjoe_overflow_alcove_4,
          nicolae_stop_n_shop_2, grunt_decor_arrowhead, patterned_corridor,
          uniq_sigmund, uniq_duvessa, uniq_prince_ribbit1,
          uniq_crazy_yiuf_cottage, uniq_pikel
Temple:   minmay_temple_curvy_branch

Skill      XL: |  1  2  3  4  5  6 |
---------------+-------------------+-----
Short Blades   | 3 4 5 |  5.9
Dodging        | 3 4 |  4.2
Stealth        | 7 |  7.9
Fighting       | 4 |  4.6

Action                   |  1- 3 |  4- 6 || total
-------------------------+-------+-------++-------
Melee: Short sword       |    55 |   286 ||   341
       Punch             |       |     1 ||     1
  Use: Scroll            |     1 |     4 ||     5
       Potion            |       |     6 ||     6
 Stab: Sleeping          |     8 |    36 ||    44
       Distracted        |     1 |       ||     1
Armor: Leather armour    |     8 |    22 ||    30
Dodge: Dodged            |    28 |   151 ||   179

Table legend: (Time is in decaauts)
 A = Elapsed time spent in this place.
 B = Non-inter-level travel time spent in this place.
 C = Inter-level travel time spent in this place.
 D = Time resting spent in this place.
 E = Time spent auto-exploring this place.
 F = Levels seen in this place.
 G = Mean time per level.
                   A        B        C        D        E       F      G
               +--------+--------+--------+--------+--------+-----+--------+
         Total |   5445 |   5153 |    292 |    211 |   4040 |   6 |  907.5 |
       Dungeon |   5159 |   4874 |    285 |    211 |   3764 |   5 | 1031.8 |
        Temple |    285 |    278 |      7 |      0 |    276 |   1 |  285.0 |
               +--------+--------+--------+--------+--------+-----+--------+

Top non-repeatable levels by time:
     D:4: 1383 daAuts
     D:2: 1162 daAuts
     D:3: 1130 daAuts
     D:1: 1128 daAuts
     D:5: 354 daAuts
  Temple: 285 daAuts
